 Dungeon Crawl Stone Soup version 0.17.0-24-gcfadda4 (console) character file.

3587 gw the Quickloader (level 9, -1/82 HPs)
             Began as a Deep Dwarf Hunter on Nov 15, 2015.
             Was a Believer of Yredelemnul.
             Slain by a slime creature (12 damage)
             ... on level 8 of the Dungeon.
             The game lasted 00:09:48 (7187 turns).

gw the Quickloader (Deep Dwarf Hunter)              Turns: 7187, Time: 00:09:48

Health: -1/82      AC: 11    Str: 15    XL:     9   Next: 85%
Magic:  0/0        EV:  7    Int: 13    God:    Yredelemnul [**....]
Gold:   494        SH:  0    Dex: 16    Spells: 0 memorised, 8 levels left

rFire  + + .     SeeInvis .     a - +6 arbalest {hellfire, rF++ rC- MR+}
rCold  . . .     Clarity  .     l - +0 chain mail
rNeg   . . .     SustAt   .     (shield currently unavailable)
rPois  .         Gourm    .     (no helmet)
rElec  .         Spirit   .     k - +0 cloak
rCorr  .         Warding  .     (no gloves)
rMut   .         Stasis   .     (no boots)
MR     ++...                    (no amulet)
Stlth  ..........               (no ring)
                                (no ring)

@: non-regenerating, very resistant to hostile enchantments, extremely
unstealthy
A: damage resistance, recharge devices, cold resistance 1, sense surroundings 2,
slow regeneration 3
a: Device Recharging, Animate Remains, Recall Undead Slaves, Injury Mirror,
Renounce Religion


You were on level 8 of the Dungeon.
You worshipped Yredelemnul.
Yredelemnul was pleased with you.
You were not hungry.

You visited 1 branch of the dungeon, and saw 8 of its levels.
You also visited: Ossuary.

You collected 494 gold pieces.

Inventory:

Hand Weapons
 a - the +6 arbalest "Hellfire" (weapon) {hellfire, rF++ rC- MR+}
   (You acquired it in an ossuary)

   It greatly protects you from fire.
   It makes you vulnerable to cold.
   It affects your resistance to hostile enchantments.
 b - a +0 war axe
Missiles
 p - 40 bolts (quivered)
Armour
 k - a +0 cloak (worn)
 l - a +0 chain mail (worn)
Wands
 e - a wand of heal wounds (2)
 r - a wand of lightning (15)
 u - a wand of frost (0)
Scrolls
 c - a scroll of fear
 d - a scroll of teleportation
 h - 11 scrolls of identify
 i - 7 scrolls of remove curse
 n - a scroll of enchant armour {unknown}
Potions
 j - 7 potions of curing
 t - 2 potions of brilliance
Comestibles
 f - 3 bread rations
 g - 4 meat rations
 m - a slice of pizza
 o - 7 fruits
 q - a beef jerky


   Skills:
 + Level 5.9 Fighting
 + Level 5.0 Axes
 * Level 10.4 Crossbows
 + Level 6.5 Armour
 - Level 2.1 Dodging
 - Level 1.2 Stealth
 + Level 6.2 Invocations
 - Level 1.3 Evocations


You had 8 spell levels left.
You didn't know any spells.

Dungeon Overview and Level Annotations

Branches:
Dungeon (8/15)             Temple (0/1) D:6
   Lair: D:8-11

Altars:
Dithmenos
Fedhas
Gozag
Makhleb
Okawaru
Sif Muna
Trog
Yredelemnul
Zin

Shops:
D:4 *


Innate Abilities, Weirdness & Mutations

You are resistant to damage.
You can recharge devices by infusing magical energy.
You passively map the area around you.
You do not regenerate naturally.
Your flesh is cold resistant.


Message History

MOVING TO (1,-2)
The slime creature barely misses you. The slime creature hits you!
MOVING TO (1,-1) MOVING TO (-4,-4) Really attack while wielding the +6 arbalest "Hellfire" {hellfire, rF++ rC- MR+}?
Okay, then.
MOVING TO (-3,-4)
The slime creature hits you.
Two slime creatures merge to form a large slime creature.
MOVING TO (-3,-3) MOVING TO (-2,-2)
The slime creature hits you but does no damage.
MOVING TO (-1,-2)
The slime creature barely misses you.
MOVING TO (-1,-1) Trying to move but square is occupied??
Making a random move The slime creature hits you.
The slime creature hits you!
You die...
Your body rises from the dead as a mindless zombie.

#..........................####
#..............................
#..............................
#..............................
#......................../.....
#..............................
#..............................
#..........................####
#............Jg............# *
#............JJ............# ,
#..........................# ,
#..........................#*
#..........................#
#..........................#
#..........................# **
#..........................#
##..........................####


You could see a large slime creature and 2 slime creatures.

Table legend:
 A = Turns spent in this place as a percentage of turns spent in the entire game.
 B = Non-inter-level travel turns spent in this place as a percentage of non-inter-level travel turns spent in the entire game.
 C = Inter-level travel turns spent in this place as a percentage of turns spent in this place.
 D = Turns resting spent in this place as a percentage of non-inter-level travel turns spent in this place.
 E = Turns spent auto-exploring this place as a percentage of non-inter-level travel turns spent in this place.
 F = Non-inter-level travel turns spent in this place divided by the number of levels of this place that you've seen.
                   A       B       C       D       E      F
               +-------+-------+-------+-------+-------+----------------------
         Total | 100.0 | 100.0 |   0.5 |   0.0 |   1.6 | 2040.1
       Dungeon |  94.5 |  94.4 |   0.5 |   0.0 |   1.6 | 2167.2
       Ossuary |   5.5 |   5.6 |   0.0 |   0.4 |   1.3 | 1023.0
               +-------+-------+-------+-------+-------+----------------------

Table legend:
 A = Kills in this place as a percentage of kills in entire the game.
 B = Kills by you in this place as a percentage of kills by you in the entire game.
 C = Kills by friends in this place as a percentage of kills by friends in the entire game.
 D = Other kills in this place as a percentage of other kills in the entire game.
 E = Experience gained in this place as a percentage of experience gained in the entire game.
 F = Experience gained in this place divided by the number of levels of this place that you have seen.
                   A       B       C       D       E      F
               +-------+-------+-------+-------+-------+----------------------
         Total | 100.0 | 100.0 | 100.0 | 100.0 | 100.0 | 569.4
       Dungeon |  91.7 |  91.1 | 100.0 | 100.0 |  96.6 | 618.9
       Ossuary |   8.3 |   8.9 |   0.0 |   0.0 |   3.4 | 174.0
               +-------+-------+-------+-------+-------+----------------------

Vanquished Creatures
  A two-headed ogre (D:8)
  2 slime creatures (D:8)
  A hippogriff (D:7)
  3 ice beasts
  3 ogres
  A black bear (D:7)
  3 centaurs
  Blork the orc (D:5)
  A gnoll sergeant (D:7)
  3 giant frogs
  2 scorpions
  2 crimson imps (D:5)
  3 giant frog zombies
  A quasit (D:6)
  A centaur zombie (D:8)
  A giant frog skeleton (D:5)
  6 orc priests
  Crazy Yiuf (D:2)
  A human zombie (D:7)
  Ijyb (D:3)
  4 hounds
  6 worker ants
  5 orc wizards
  3 iguanas
  A big kobold zombie (Ossuary)
  A hound zombie (D:8)
  8 mummies (Ossuary)
  6 gnolls (D:7)
  6 adders
  A worker ant zombie (D:5)
  2 shadow imps (D:5)
  An ooze (D:1)
  2 worms
  5 giant geckos
  21 orcs
  A ball python (D:2)
  9 bats
  13 hobgoblins
  9 jackals
  5 kobolds
  3 quokkas
  5 giant cockroaches
  A giant gecko skeleton (D:7)
  7 giant newts
  3 gnoll zombies (Ossuary)
  5 goblins
  2 hobgoblin zombies (Ossuary)
  A kobold zombie (Ossuary)
  An orc skeleton (D:7)
  2 orc zombies
  3 rats
180 creatures vanquished.

Vanquished Creatures (collateral kills)
  A sky beast (D:7)
  A giant frog (D:6)
  An elf skeleton (D:7)
  A jelly (D:7)
  An orc wizard (D:7)
  A human skeleton (D:7)
  An orc (D:7)
  3 jackals
  An orc zombie (D:7)
11 creatures vanquished.

Vanquished Creatures (others)
  A giant frog zombie (D:8)
  A hound zombie (D:7)
  A jackal skeleton (D:7)
  4 jackal zombies (D:6)
  A quokka zombie (D:7)
8 creatures vanquished.

Grand Total: 199 creatures vanquished

Notes
Turn   | Place    | Note
--------------------------------------------------------------
     0 | D:1      | gw the Deep Dwarf Hunter began the quest for the Orb.
     0 | D:1      | Reached XP level 1. HP: 19/19 MP: 1/1
   204 | D:1      | Reached XP level 2. HP: 20/26 MP: 2/2
   380 | D:1      | Reached skill level 1 in Armour
   646 | D:1      | Reached skill level 1 in Evocations
   726 | D:2      | Reached XP level 3. HP: 30/32 MP: 2/4
   900 | D:2      | Noticed Crazy Yiuf
   911 | D:2      | Killed Crazy Yiuf
   911 | D:2      | Reached skill level 5 in Crossbows
   981 | D:2      | Reached XP level 4. HP: 21/40 MP: 5/5
  1204 | D:2      | Found a bloodstained altar of Trog.
  1506 | D:3      | Reached XP level 5. HP: 43/49 MP: 6/6
  1551 | D:3      | Noticed Ijyb
  1588 | D:3      | Reached skill level 6 in Crossbows
  1596 | D:3      | Killed Ijyb
  1745 | D:3      | Reached XP level 6. HP: 51/56 MP: 7/7
  2008 | D:3      | Gained mutation: Your flesh is cold resistant. [potion of beneficial mutation]
  2202 | D:4      | Found a basalt altar of Yredelemnul.
  2205 | D:4      | Became a worshipper of Yredelemnul the Dark
  2223 | D:4      | Found Totat's General Store.
  2281 | D:4      | Reached skill level 1 in Invocations
  2330 | D:4      | Reached XP level 7. HP: 50/63 MP: 8/8
  2334 | D:4      | Reached skill level 7 in Crossbows
  2778 | D:5      | Entered Level 5 of the Dungeon
  3541 | D:5      | Reached skill level 1 in Axes
  3612 | D:5      | Noticed Blork the orc
  3643 | D:5      | Killed Blork the orc
  3661 | D:5      | Reached XP level 8. HP: 58/72 MP: 5/5
  3958 | D:6      | Reached skill level 8 in Crossbows
  3992 | D:6      | Reached * piety under Yredelemnul
  4385 | D:6      | Found a staircase to the Ecumenical Temple.
  4492 | D:7      | Reached skill level 5 in Armour
  4547 | D:7      | Found a glowing silver altar of Zin.
  4547 | D:7      | Found an iron altar of Okawaru.
  4547 | D:7      | Found a deep blue altar of Sif Muna.
  4591 | D:7      | Found a sand-covered staircase.
  4634 | D:7      | Found a blossoming altar of Fedhas.
  4635 | D:7      | Found an opulent altar of Gozag.
  4635 | D:7      | Found a burning altar of Makhleb.
  4635 | D:7      | Found a shadowy altar of Dithmenos.
  5014 | D:7      | Reached skill level 9 in Crossbows
  5142 | D:7      | Reached skill level 5 in Fighting
  5226 | D:7      | Reached skill level 5 in Invocations
  5226 | D:7      | Gained mutation: You passively map the area around you. [Deep Dwarf growth]
  5226 | D:7      | Reached XP level 9. HP: 56/81 MP: 6/6
  5249 | Ossuary  | Entered an ossuary
  5298 | Ossuary  | HP: 4/81 [mummy (12)]
  5649 | Ossuary  | Identified a scroll of acquirement
  6781 | D:8      | Reached skill level 10 in Crossbows
  6793 | D:8      | Reached ** piety under Yredelemnul
  7091 | D:8      | Reached skill level 5 in Axes
  7187 | D:8      | Slain by a slime creature

Action                   |  1- 3 |  4- 6 |  7- 9 || total
-------------------------+-------+-------+-------++-------
Melee: Short sword       |    61 |   208 |   293 ||   562
       Hand axe          |       |       |   621 ||   621
 Fire: Hand crossbow     |    35 |    54 |   117 ||   206
       Arbalest          |       |       |    20 ||    20
Invok: Animate Remains   |       |       |    33 ||    33
 Abil: Device Recharging |       |       |    13 ||    13
Evoke: Wand              |       |     8 |    59 ||    67
  Use: Scroll            |     4 |     4 |    11 ||    19
       Potion            |     2 |     4 |    14 ||    20
 Stab: Sleeping          |     3 |       |       ||     3
       Distracted        |       |       |     1 ||     1
  Eat: Chunk             |       |     5 |    11 ||    16
       Bread ration      |       |       |     2 ||     2

Vault maps used:
D:1:      minmay_arrival_split_and_join
D:2:      lightli_temple_of_fire, minmay_door_square, serial_bayou_ford_a,
          minmay_strange_pillars, kennysheep_generic_room_14,
          uniq_crazy_yiuf_cottage
D:3:      uniq_iyjb
D:4:      lemuel_doored_altar, serial_shops, nicolae_shop_statue_plus,
          first_bread, mrwooster_statue_mirror
D:5:      corexii_hall_statues_deadend, uniq_blork_the_orc
D:6:      temple_doors_b
D:7:      grunt_temple_overflow_open, nicolae_ossuary_entry_catacombs
D:8:      lemuel_upstairs_altar, uniq_grum
Ossuary:  ossuary_tomb_3
